XFBL
LOS ANGELES DODGERS @ SAN FRANCISCO GIANTS
10/02/1982
 
TOP OF THE 1ST
Los Angeles Dodgers batting - Pitching for San Francisco Giants : LHP Tim Costello
Pitching: LHP Tim Costello
Batting: RHB Billy Sample 0-0: Ball
1-0: Called Strike
1-1: Ball
2-1: SINGLE (Line Drive, 3D, EV 96.3 MPH)
Batting: RHB Carney Lansford 0-0: Ball
1-0: Swinging Strike
1-1: DOUBLE (Flyball, 3D, EV 93.8 MPH)
Billy Sample to third
Runner from 3rd tries for Home, SAFE, throw by RF to trailing runner, SAFE at third!
Batting: RHB Dick Davis 0-0: Foul Ball, location: 2F
0-1: Ground out 6-3 (Groundball, 6MD, EV 83.1 MPH)
Carney Lansford scores
Batting: RHB Jerry Keller 0-0: Ball
1-0: Foul Ball, location: 2F
1-1: Called Strike
1-2: Ball
2-2: Foul Ball, location: 2F
2-2: Ball
3-2: Fly out, F6 (Flyball, 56D, EV 85.6 MPH)
Batting: RHB Barry Evans 0-0: Called Strike
0-1: Ball
1-1: Ball
2-1: Swinging Strike
2-2: Strikes out looking
Top of the 1st over - 2 runs, 2 hits, 0 errors, 0 left on base; Los Angeles 2 - San Francisco 0
BOTTOM OF THE 1ST
San Francisco Giants batting - Pitching for Los Angeles Dodgers : LHP Dave Righetti
Pitching: LHP Dave Righetti
Batting: SHB Kevin Bass 0-0: Called Strike
0-1: Called Strike
0-2: Ball
1-2: Foul Ball, location: 2F
1-2: Strikes out swinging
Batting: RHB Kevin Howard 0-0: Ball
1-0: Foul Ball, location: 2F
1-1: Foul Ball, location: 2F
1-2: Ground out 6-3 (Groundball, 6, EV 76.3 MPH)
Batting: LHB Keith Hernandez 0-0: Ball
1-0: Swinging Strike
1-1: Called Strike
1-2: Fly out, F5 (Popup, 5F, EV 60.6 MPH)
Bottom of the 1st over - 0 runs, 0 hits, 0 errors, 0 left on base; Los Angeles 2 - San Francisco 0
TOP OF THE 2ND
Los Angeles Dodgers batting - Pitching for San Francisco Giants : LHP Tim Costello
Batting: RHB Roberto Reyes 0-0: Ball
1-0: Ball
2-0: Ground out 6-3 (Groundball, 6, EV 85.0 MPH)
Batting: SHB Spike Owen 0-0: Called Strike
0-1: Ball
1-1: Ball
2-1: Ball
3-1: Ground out 5-3 (Groundball, 56, EV 89.4 MPH)
Batting: RHB Dennis Littlejohn 0-0: Swinging Strike
0-1: Ball
1-1: Foul Ball, location: 2F
1-2: Ground out 6-3 (Groundball, 6MS, EV 87.5 MPH)
Top of the 2nd over - 0 runs, 0 hits, 0 errors, 0 left on base; Los Angeles 2 - San Francisco 0
BOTTOM OF THE 2ND
San Francisco Giants batting - Pitching for Los Angeles Dodgers : LHP Dave Righetti
Batting: RHB Phil Bailey 0-0: Ball
1-0: Ball
2-0: Called Strike
2-1: Foul Ball, location: 2F
2-2: Ball
3-2: Fly out, F6 (Popup, 6, EV 71.9 MPH)
Batting: RHB Don Slaught 0-0: Called Strike
0-1: Ball
1-1: Foul Ball, location: 2F
1-2: Ball
2-2: Fly out, F8 (Flyball, 89M, EV 90.6 MPH)
Batting: SHB Tyler O'Dell 0-0: DOUBLE (Line Drive, 7LM, EV 96.9 MPH)
Batting: RHB Billy L Smith 0-0: Ball
1-0: Foul Ball, location: 2F
1-1: Ball
2-1: Ground out 6-3 (Groundball, 56, EV 88.1 MPH)
Bottom of the 2nd over - 0 runs, 1 hit, 0 errors, 1 left on base; Los Angeles 2 - San Francisco 0
TOP OF THE 3RD
Los Angeles Dodgers batting - Pitching for San Francisco Giants : LHP Tim Costello
Batting: LHB Dave Righetti 0-0: Ball
1-0: Ball
2-0: Ground out 1-3 (Groundball, 13S, EV 68.1 MPH)
Batting: RHB Billy Sample 0-0: Ball
1-0: Ball
2-0: SINGLE (Flyball, 7S, EV 85.0 MPH)
Batting: RHB Carney Lansford 0-0: Ball
1-0: Ball
2-0: Called Strike
2-1: Ball
3-1: Base on Balls
Billy Sample to second
Batting: RHB Dick Davis 0-0: Called Strike
0-1: Fly out, F8 (Flyball, 8LS, EV 82.5 MPH)
Batting: RHB Jerry Keller 0-0: Called Strike
Billy Sample steals 3rd base
0-1: Ball
1-1: Ball
2-1: Ball
3-1: Fielders Choice at 2nd, U4 (Groundball, 4M, EV 106.9 MPH)
Top of the 3rd over - 0 runs, 1 hit, 0 errors, 2 left on base; Los Angeles 2 - San Francisco 0
BOTTOM OF THE 3RD
San Francisco Giants batting - Pitching for Los Angeles Dodgers : LHP Dave Righetti
Batting: LHB Doug Frobel 0-0: Ball
1-0: Swinging Strike
1-1: Called Strike
1-2: Strikes out looking
Batting: LHB Tim Costello 0-0: Ball
1-0: Foul Ball, location: 2F
1-1: Called Strike
1-2: Strikes out swinging
Batting: SHB Kevin Bass 0-0: Ball
1-0: Ground out 5-3 (Groundball, 5L, EV 93.1 MPH)
Bottom of the 3rd over - 0 runs, 0 hits, 0 errors, 0 left on base; Los Angeles 2 - San Francisco 0
TOP OF THE 4TH
Los Angeles Dodgers batting - Pitching for San Francisco Giants : LHP Tim Costello
Batting: RHB Barry Evans 0-0: Swinging Strike
0-1: Swinging Strike
0-2: Ball
1-2: Ball
2-2: Strikes out looking
Batting: RHB Roberto Reyes 0-0: Ball
1-0: Swinging Strike
1-1: Foul Ball, location: 2F
1-2: Ball
2-2: Strikes out looking
Batting: SHB Spike Owen 0-0: Ball
1-0: Called Strike
1-1: Called Strike
1-2: Foul Ball, location: 2F
1-2: Ball
2-2: Ball
3-2: Foul Ball, location: 2F
3-2: SINGLE (Groundball, 5S, EV 63.1 MPH) (infield hit)
Batting: RHB Dennis Littlejohn 0-0: Ball
1-0: Called Strike
1-1: Foul Ball, location: 2F
1-2: Ball
2-2: Strikes out swinging
Top of the 4th over - 0 runs, 1 hit, 0 errors, 1 left on base; Los Angeles 2 - San Francisco 0
BOTTOM OF THE 4TH
San Francisco Giants batting - Pitching for Los Angeles Dodgers : LHP Dave Righetti
Batting: RHB Kevin Howard 0-0: Foul Ball, location: 2F
0-1: Ball
1-1: Fly out, F8 (Flyball, 8RXD, EV 110.6 MPH)
Batting: LHB Keith Hernandez 0-0: Called Strike
0-1: SINGLE (Groundball, 6S, EV 70.0 MPH) (infield hit)
Batting: RHB Phil Bailey 0-0: Foul Ball, location: 2F
0-1: Fly out, F6 (Flyball, 56D, EV 80.6 MPH)
Batting: RHB Don Slaught 0-0: Called Strike
0-1: Fielders Choice at 2nd, 6-4 (Groundball, 6, EV 109.4 MPH)
Bottom of the 4th over - 0 runs, 1 hit, 0 errors, 1 left on base; Los Angeles 2 - San Francisco 0
TOP OF THE 5TH
Los Angeles Dodgers batting - Pitching for San Francisco Giants : LHP Tim Costello
Batting: LHB Dave Righetti 0-0: Ball
1-0: Swinging Strike
1-1: Ball
2-1: Fly out, F4 (Flyball, 3D, EV 84.4 MPH)
Batting: RHB Billy Sample 0-0: Called Strike
0-1: Called Strike
0-2: Foul Ball, location: 2F
0-2: Ball
1-2: Foul Ball, location: 2F
1-2: Ball
2-2: Strikes out swinging
Batting: RHB Carney Lansford 0-0: Ball
1-0: Foul Ball, location: 2F
1-1: Called Strike
1-2: Ball
2-2: Strikes out swinging
Top of the 5th over - 0 runs, 0 hits, 0 errors, 0 left on base; Los Angeles 2 - San Francisco 0
BOTTOM OF THE 5TH
San Francisco Giants batting - Pitching for Los Angeles Dodgers : LHP Dave Righetti
Batting: SHB Tyler O'Dell 0-0: Foul Ball, location: 2F
0-1: Ball
1-1: Ball
2-1: Ball
3-1: DOUBLE (Line Drive, 9LM, EV 103.1 MPH)
Batting: RHB Billy L Smith 0-0: Called Strike
0-1: Called Strike
0-2: Foul Ball, location: 2F
0-2: Ball
1-2: Ball
2-2: DOUBLE (Groundball, 5L, EV 106.9 MPH)
Tyler O'Dell scores
Batting: LHB Doug Frobel 0-0: Called Strike
0-1: Swinging Strike
0-2: Strikes out swinging
Batting: LHB Tim Costello 0-0: Ball
1-0: Ball
2-0: Foul Ball, location: 2F
2-1: Foul Ball, location: 2F
2-2: Strikes out swinging
Batting: SHB Kevin Bass 0-0: SINGLE (Groundball, 4M, EV 80.0 MPH) (infield hit)
Billy L Smith to third
Batting: RHB Kevin Howard 0-0: Called Strike
0-1: Ball
1-1: Ball
2-1: Ball
3-1: Swinging Strike
3-2: Fly out, F7 (Flyball, 7S, EV 86.9 MPH)
Bottom of the 5th over - 1 run, 3 hits, 0 errors, 2 left on base; Los Angeles 2 - San Francisco 1
TOP OF THE 6TH
Los Angeles Dodgers batting - Pitching for San Francisco Giants : LHP Tim Costello
Batting: RHB Dick Davis 0-0: Ball
1-0: Foul Ball, location: 2F
1-1: Called Strike
1-2: Ball
2-2: Strikes out looking
Batting: RHB Jerry Keller 0-0: Ball
1-0: Ball
2-0: Ball
3-0: Called Strike
3-1: Foul Ball, location: 2F
3-2: Ground out U3 (Groundball, 3L, EV 83.8 MPH)
Batting: RHB Barry Evans 0-0: Ball
1-0: Foul Ball, location: 2F
1-1: Foul Ball, location: 2F
1-2: Ground out 1-3 (Groundball, 34S, EV 64.4 MPH)
Top of the 6th over - 0 runs, 0 hits, 0 errors, 0 left on base; Los Angeles 2 - San Francisco 1
BOTTOM OF THE 6TH
San Francisco Giants batting - Pitching for Los Angeles Dodgers : LHP Dave Righetti
Batting: LHB Keith Hernandez 0-0: Ball
1-0: DOUBLE (Line Drive, 9LM, EV 94.4 MPH)
Batting: RHB Phil Bailey 0-0: Ground out 6-3 (Groundball, 6, EV 88.8 MPH)
Batting: RHB Don Slaught 0-0: Called Strike
0-1: DOUBLE (Flyball, 8RXD, EV 116.9 MPH)
Keith Hernandez scores
Batting: SHB Tyler O'Dell 0-0: Ball
Don Slaught steals 3rd base
1-0: Fly out, F8 (Flyball, 89S, EV 83.8 MPH)
Batting: RHB Billy L Smith 0-0: Foul Ball, location: 2F
0-1: DOUBLE (Line Drive, 7LS, EV 96.3 MPH)
Don Slaught scores
Batting: LHB Doug Frobel 0-0: Intentional Walk
Batting: LHB Tim Costello 0-0: Called Strike
0-1: Called Strike
0-2: Ball
1-2: Strikes out swinging
Bottom of the 6th over - 2 runs, 3 hits, 0 errors, 2 left on base; Los Angeles 2 - San Francisco 3
TOP OF THE 7TH
Los Angeles Dodgers batting - Pitching for San Francisco Giants : LHP Tim Costello
Batting: RHB Roberto Reyes 0-0: Foul Ball, location: 2F
0-1: Foul Ball, location: 2F
0-2: Single, Error in OF, E7, batter to second base (Line Drive, 7S, EV 95.0 MPH)
Batting: SHB Spike Owen 0-0: Fly out, F9 (Line Drive, 9D, EV 93.8 MPH)
Runner from 2nd tags up, SAFE at 3rd, no throw by RF
Batting: RHB Dennis Littlejohn 0-0: Ball
1-0: Foul Ball, location: 2F
1-1: SINGLE (Groundball, 56D, EV 96.9 MPH)
Roberto Reyes scores
Batting: LHB Dave Righetti 0-0: Sac Bunt to 13 - play at first, batter OUT! 1-4
Dennis Littlejohn to second
Pitching: RHP Dave Ford
Batting: RHB Billy Sample 0-0: Ball
1-0: Ground out 6-3 (Groundball, 6, EV 91.9 MPH)
Top of the 7th over - 1 run, 2 hits, 1 error, 1 left on base; Los Angeles 3 - San Francisco 3
BOTTOM OF THE 7TH
San Francisco Giants batting - Pitching for Los Angeles Dodgers : LHP Dave Righetti
Batting: SHB Kevin Bass 0-0: Ball
1-0: Called Strike
1-1: Hit by Pitch
Batting: RHB Kevin Howard 0-0: Ball
Kevin Bass steals 2nd base (no throw)
1-0: Called Strike
1-1: Ground out 6-3 (Groundball, 6, EV 80.0 MPH)
Kevin Bass to third
Batting: LHB Keith Hernandez 0-0: Called Strike
0-1: Called Strike
0-2: Ball
1-2: Strikes out swinging
Batting: RHB Phil Bailey 0-0: Ball
1-0: Called Strike
1-1: Foul Ball, location: 2F
1-2: Foul Ball, location: 2F
1-2: Foul Ball, location: 2F
1-2: Ground out 2-3 (Groundball, 15S, EV 61.3 MPH)
Bottom of the 7th over - 0 runs, 0 hits, 0 errors, 1 left on base; Los Angeles 3 - San Francisco 3
TOP OF THE 8TH
Los Angeles Dodgers batting - Pitching for San Francisco Giants : RHP Dave Ford
Batting: RHB Carney Lansford 0-0: Foul Ball, location: 2F
0-1: Ball
1-1: Called Strike
1-2: Ball
2-2: DOUBLE (Flyball, 89XD, EV 103.1 MPH)
Batting: RHB Dick Davis 0-0: SINGLE (Flyball, 6D, EV 89.4 MPH)
Carney Lansford to third
Runner from 3rd tries for Home, SAFE, throw by CF to home
Batting: RHB Jerry Keller 0-0: Ball
1-0: SINGLE (Groundball, 6, EV 95.0 MPH)
Dick Davis to second
Batting: RHB Barry Evans 0-0: Ball
1-0: Called Strike
1-1: Ball
2-1: Called Strike
2-2: Fly out, F5 (Popup, 5SF, EV 68.8 MPH)
Batting: RHB Roberto Reyes 0-0: Called Strike
0-1: Reached on error, E4 (Groundball, 4, EV 85.6 MPH)
Dick Davis to third
Jerry Keller to second
Batting: SHB Spike Owen 0-0: Called Strike
0-1: Ball
1-1: Ball
2-1: SINGLE (Line Drive, 9S, EV 95.0 MPH)
Dick Davis scores
Jerry Keller to third
Roberto Reyes to second
Runner from 3rd tries for Home, SAFE, throw by RF to home
Batting: RHB Dennis Littlejohn 0-0: Ball
Roberto Reyes steals 3rd base (no throw)
1-0: Called Strike
1-1: Ball
2-1: Called Strike
2-2: Fly out, F7 (Line Drive, 7, EV 88.8 MPH)
Runner from 3rd tags up, SCORES, throw by LF
Batting: LHB Dave Righetti 0-0: Fly out, F4 (Line Drive, 4, EV 67.5 MPH)
Top of the 8th over - 4 runs, 4 hits, 1 error, 1 left on base; Los Angeles 7 - San Francisco 3
BOTTOM OF THE 8TH
San Francisco Giants batting - Pitching for Los Angeles Dodgers : LHP Dave Righetti
Batting: RHB Don Slaught 0-0: Swinging Strike
0-1: Foul Ball, location: 2F
0-2: Ball
1-2: Ball
2-2: Ball
3-2: Strikes out swinging
Batting: SHB Tyler O'Dell 0-0: Ball
1-0: Ball
2-0: Ball
3-0: Base on Balls
Batting: RHB Billy L Smith 0-0: Ball
1-0: Ball
2-0: Called Strike
2-1: Swinging Strike
2-2: Ground out 5-3 (Groundball, 56S, EV 68.8 MPH)
Tyler O'Dell to second
Batting: LHB Doug Frobel 0-0: Swinging Strike
0-1: Swinging Strike
0-2: Strikes out swinging
Bottom of the 8th over - 0 runs, 0 hits, 0 errors, 1 left on base; Los Angeles 7 - San Francisco 3
TOP OF THE 9TH
Los Angeles Dodgers batting - Pitching for San Francisco Giants : RHP Dave Ford
Pitching: RHP Charles Davis
Batting: RHB Billy Sample 0-0: Fly out, F8 (Flyball, 8LM, EV 79.4 MPH)
Batting: RHB Carney Lansford 0-0: Called Strike
0-1: Ball
1-1: Called Strike
1-2: Ball
2-2: Ball
3-2: Ground out 5-3 (Groundball, 56, EV 93.8 MPH)
Batting: RHB Dick Davis 0-0: Swinging Strike
0-1: Ball
1-1: Called Strike
1-2: Fly out, F7 (Line Drive, 7D, EV 95.6 MPH)
Top of the 9th over - 0 runs, 0 hits, 0 errors, 0 left on base; Los Angeles 7 - San Francisco 3
BOTTOM OF THE 9TH
San Francisco Giants batting - Pitching for Los Angeles Dodgers : LHP Dave Righetti
Pinch Hitting: LHB Kevin Christensen 0-0: Called Strike
0-1: Ball
1-1: Ball
2-1: Fly out, F4 (Line Drive, 4, EV 60.6 MPH)
Batting: SHB Kevin Bass 0-0: Foul Ball, location: 2F
0-1: Called Strike
0-2: Ball
1-2: Foul Ball, location: 2F
1-2: Fly out, F3 (Line Drive, 3, EV 63.1 MPH)
Batting: RHB Kevin Howard 0-0: Foul Ball, location: 2F
0-1: SOLO HOME RUN (Flyball, 7D, EV 97.5 MPH), Distance : 372 ft
Batting: LHB Keith Hernandez 0-0: Foul Ball, location: 2F
0-1: Ball
1-1: Foul Ball, location: 2F
1-2: Ball
2-2: Foul Ball, location: 2F
2-2: Foul Ball, location: 2F
2-2: Fly out, F8 (Flyball, 8LD, EV 106.3 MPH)
Bottom of the 9th over - 1 run, 1 hit, 0 errors, 0 left on base; Los Angeles 7 - San Francisco 4
Friday, September 4th, 2020 - OOTP Baseball 21.5 Build 76